Map: Orbital Shipyard

Players

Guacanagarix - Winner!

  • Race: Protoss Protoss
  • League: Grandmaster

wabbajack

  • Race: Zerg Zerg
  • League: Grandmaster

VOD

Have the link to the VOD?

Description

Time

  • Played on: July 14, 2015, 12:32 p.m.
  • Length: 8:15
Show
View Real Time Build Order
Export as new Build Order

Guacanagarix Protoss - Winner!

Build Orders: 1 Gate Expand 

Get SALT Encoding   

  12  0:01  Probe  
  13  0:15  Pylon  
  13  0:18  Probe  
  14  0:33  Probe (Chrono Boost)  
  15  0:41  Gateway  
  16  0:43  Probe (Chrono Boost)  
  16  0:50  Probe  
  17  1:03  Probe  
  18  1:15  Probe  
  19  1:22  Nexus  
  19  1:32  Pylon, Assimilator  
  19  1:37  Probe (Chrono Boost), Assimilator  
  21  1:47  Cybernetics Core, Probe (Chrono Boost)  
  21  1:55  Probe (Chrono Boost)  
  21  2:01  Zealot  
  24  2:07  Probe (Chrono Boost)  
  25  2:14  Probe (Chrono Boost)  
  27  2:24  Probe (Chrono Boost)  
  27  2:28  Warp Gate  
  27  2:29  Sentry  
  29  2:31  Probe (Chrono Boost)  
  31  2:38  Probe (Chrono Boost)  
  31  2:41  Probe (Chrono Boost)  
  35  2:53  Mothership Core (Chrono Boost), Probe (Chrono Boost)  
  35  2:55  Assimilator  
  35  3:00  Probe  
  36  3:08  Probe (Chrono Boost), Pylon  
  38  3:18  Probe (Chrono Boost)  
  38  3:19  Robotics Facility  
  39  3:20  Probe (Chrono Boost)  
  39  3:21  Stalker  
  39  3:26  Probe x2 (Chrono Boost)  
  43  3:29  Assimilator  
  43  3:36  Pylon  
  43  3:37  Probe (Chrono Boost)  
  45  3:41  Probe (Chrono Boost)  
  45  3:43  Gateway  
  45  3:46  Probe (Chrono Boost)  
  46  3:48  Probe (Chrono Boost)  
  46  3:54  Gateway  
  49  3:55  Sentry  
  49  3:57  Probe (Chrono Boost)  
  51  4:06  Probe (Chrono Boost), Pylon  
  51  4:08  Probe (Chrono Boost), Observer  
  53  4:14  Probe (Chrono Boost)  
  53  4:16  Probe (Chrono Boost)  
  55  4:19  Robotics Bay  
  55  4:20  Pylon  
  55  4:21  Probe (Chrono Boost)  
  56  4:29  Observer  
  57  4:35  Probe x2  
  59  4:42  Forge  
  59  4:44  Twilight Council  
  59  4:48  Pylon  
  59  4:51  Observer (Chrono Boost)  
  60  5:01  Gateway  
  60  5:02  Gateway x2  
  60  5:13  Pylon  
  60  5:17  Disruptor, Protoss Ground Weapons Level 1 (Chrono Boost)  
  60  5:19  Stalker, Disruptor (Chrono Boost)  
  60  5:20  Stalker  
  68  5:21  Stalker  
  66  5:42  Warp Prism  
  64  5:43  Stalker x3  
  70  5:54  Disruptor  
  72  5:58  Blink  
  72  6:02  Gravitic Drive (Chrono Boost)  
  72  6:07  Probe x2  
  72  6:34  Zealot x2  
  72  6:52  Disruptor x2 (Chrono Boost)  
  72  6:53  Nexus  
  70  6:55  Pylon  
  70  6:57  Pylon  
  70  6:58  Zealot x5  
  80  7:07  Cybernetics Core, Photon Cannon  
  80  7:09  Pylon  
  80  7:15  Gateway  
  80  7:17  Gateway, Photon Cannon  
  80  7:22  Probe x2  
  82  7:31  Warp Prism (Chrono Boost)  
  82  7:33  Disruptor  
  82  7:34  Probe  
  82  7:37  Photon Cannon  
  85  7:38  Gateway  
  85  7:39  Gateway  
  85  7:43  Photon Cannon  
  85  7:46  Photon Cannon  
  85  7:47  Zealot  
  85  7:50  Probe  
  88  8:00  Assimilator  
Show
View Real Time Build Order
Export as new Build Order

wabbajack Zerg 

Build Orders: Hatch First 

Get SALT Encoding   

  13  0:07  Drone  
  13  0:15  Drone  
  14  0:21  Drone, Extractor  
  14  0:22  Drone, Extractor  
  16  0:46  Hatchery  
  15  0:53  Overlord  
  15  1:09  Spawning Pool  
  15  1:10  Extractor  
  13  1:14  Drone  
  14  1:19  Drone  
  14  1:24  Drone  
  16  1:40  Drone x2  
  18  1:56  Queen  
  20  2:02  Queen  
  22  2:11  Drone  
  22  2:12  Drone  
  24  2:19  Metabolic Boost  
  24  2:36  Drone x2  
  24  2:37  Drone  
  27  2:39  Overlord  
  27  2:42  Drone  
  28  2:47  Extractor  
  28  2:48  Drone  
  28  2:52  Extractor  
  28  2:55  Extractor  
  28  2:56  Drone  
  27  2:58  Drone  
  31  3:09  Roach Warren  
  30  3:20  Baneling Nest  
  30  3:23  Drone x3  
  30  3:25  Drone  
  33  3:27  Drone  
  33  3:29  Overlord  
  33  3:33  Overlord  
  34  3:50  Roach  
  34  3:51  Roach x4  
  44  3:59  Roach  
  44  4:00  Roach x2  
  50  4:09  Overlord  
  50  4:10  Roach  
  52  4:19  Overlord  
  52  4:33  Overlord  
  52  4:34  Zergling x2  
  52  4:35  Zergling x14  
  60  4:48  Hatchery  
  59  5:12  Ravager  
  60  5:20  Ravager  
  52  5:37  Zergling x2  
  52  5:38  Zergling x38  
  60  5:58  Overlord x2  
  60  5:59  Zergling x2  
  61  6:11  Queen  
  61  6:14  Drone  
  61  6:15  Drone x4  
  40  7:03  Lair  
  40  7:05  Extractor  
  40  7:06  Drone, Extractor  
  40  7:07  Drone x4, Extractor  
  40  7:08  Drone x4  
  44  7:09  Drone x2  
  48  7:18  Hatchery  
  48  7:19  Hatchery, Queen  
  48  7:25  Evolution Chamber  
  48  7:26  Evolution Chamber  
  48  7:27  Evolution Chamber  
  42  7:38  Spore Crawler x2  
  40  7:52  Drone x3  
  40  7:53  Drone x3  
  40  7:54  Drone  
  40  7:55  Drone x2  
  40  7:57  Drone x4  
  40  7:58  Drone  
  54  7:59  Drone x4  
Tags
 
Add a new tag
Caveats
  • Supply blocks, unpowered buildings, or Contaminate may cause inaccurate times.
  • Supply counts are checked every 10 seconds.